ESL (28 & UNDER)
BUTLER WHITE SOX @ WILMINGTON REBELS
09/28/2030
 
TOP OF THE 1ST
Butler White Sox batting - Pitching for Wilmington Rebels : LHP Manuel Guel
Pitching: LHP Manuel Guel
Batting: RHB Luis Fuentes 0-0: Ball
1-0: Foul Ball, location: 2F
1-1: Foul Ball, location: 2F
1-2: Ball
2-2: Strikes out swinging
Batting: RHB Ángel Serrano 0-0: Ball
1-0: Fly out, F4 (Line Drive, 4MD)
Batting: RHB Miguel Sánchez 0-0: SINGLE (Groundball, 4D)
Batting: RHB Bobby Murdock 0-0: Ball
1-0: Called Strike
1-1: Foul Ball, location: 2F
1-2: Foul Ball, location: 2F
1-2: Ball
2-2: Ball
3-2: Fly out, F8 (Flyball, 8RD)
Top of the 1st over - 0 runs, 1 hit, 0 errors, 1 left on base; Butler 0 - Wilmington 0
BOTTOM OF THE 1ST
Wilmington Rebels batting - Pitching for Butler White Sox : LHP Phil Forbes
Pitching: LHP Phil Forbes
Batting: RHB Guillermo González 0-0: Ball
1-0: Ball
2-0: Called Strike
2-1: Ball
3-1: Base on Balls
Batting: RHB Pedro Zavala 0-0: Swinging Strike
0-1: Called Strike
0-2: Ball
1-2: Ball
2-2: Ball
3-2: Base on Balls
Guillermo González to second
Batting: LHB Larry Smith 0-0: Ball
1-0: Ball
2-0: Foul Ball, location: 2F
2-1: Foul Ball, location: 2F
2-2: Ball
3-2: SINGLE (Line Drive, 7LS)
Guillermo González to third
Pedro Zavala to second
Batting: LHB António Gutiérrez 0-0: Ball
1-0: Fly out, F7 (Flyball, 7S)
Batting: RHB Pedro Cuevas 0-0: Ground out 5-3 (Groundball, 56S)
Guillermo González scores
Pedro Zavala to third
Larry Smith to second
Batting: LHB Guillermo Santos 0-0: Called Strike
0-1: Swinging Strike
0-2: Ball
1-2: Ball
2-2: Ball
3-2: Base on Balls
Batting: RHB Rick Holman 0-0: Foul Ball, location: 2F
0-1: SINGLE (Line Drive, 89S)
Pedro Zavala scores
Larry Smith to third
Guillermo Santos to second
Batting: LHB Seth Sullivan 0-0: Ball
1-0: Foul Ball, location: 2F
1-1: Swinging Strike
1-2: Fielders Choice at 2nd, 5-4 (Groundball, 56)
Bottom of the 1st over - 2 runs, 2 hits, 0 errors, 3 left on base; Butler 0 - Wilmington 2
TOP OF THE 2ND
Butler White Sox batting - Pitching for Wilmington Rebels : LHP Manuel Guel
Batting: LHB Jim Knight 0-0: Called Strike
0-1: DOUBLE (Groundball, 3L)
Batting: RHB Ramón Maldonado 0-0: Ball
1-0: Ball
2-0: Ground out 5-3 (Groundball, 56)
Batting: RHB Jerry Moore 0-0: Foul Ball, location: 2F
0-1: Ball
1-1: Swinging Strike
1-2: Ball
2-2: Foul Ball, location: 2F
2-2: Ball
3-2: Foul Ball, location: 2F
3-2: Ground out 4-3 (Groundball, 4)
Jim Knight to third
Batting: LHB Gabriel Flores 0-0: SINGLE (Groundball, 3S) (infield hit)
Jim Knight scores
Batting: LHB Thomas Dixon 0-0: Called Strike
0-1: Called Strike
0-2: Ground out 4-3 (Groundball, 4)
Top of the 2nd over - 1 run, 2 hits, 0 errors, 1 left on base; Butler 1 - Wilmington 2
BOTTOM OF THE 2ND
Wilmington Rebels batting - Pitching for Butler White Sox : LHP Phil Forbes
Batting: RHB José Fajardo 0-0: Ball
1-0: Ball
2-0: Called Strike
2-1: Ground out 4-3 (Groundball, 4)
Batting: RHB Guillermo González 0-0: Foul Ball, location: 2F
0-1: Foul Ball, location: 2F
0-2: Foul Ball, location: 2F
0-2: Foul Ball, location: 2F
0-2: Ball
1-2: Ball
2-2: Hit by Pitch
Batting: RHB Pedro Zavala 0-0: Swinging Strike
Passed Ball!
Guillermo González to second
0-1: Ball
1-1: Foul Ball, location: 2F
1-2: Foul Ball, location: 2F
1-2: Strikes out looking
Batting: LHB Larry Smith 0-0: Ball
1-0: Ball
2-0: Ball
3-0: Called Strike
3-1: Foul Ball, location: 2F
3-2: Ground out U3 (Groundball, 34)
Bottom of the 2nd over - 0 runs, 0 hits, 0 errors, 1 left on base; Butler 1 - Wilmington 2
TOP OF THE 3RD
Butler White Sox batting - Pitching for Wilmington Rebels : LHP Manuel Guel
Batting: RHB Luis Fuentes 0-0: SINGLE (Line Drive, 34D)
Batting: RHB Ángel Serrano 0-0: Called Strike
0-1: Called Strike
0-2: TRIPLE (Flyball, 9D)
Luis Fuentes scores
Batting: RHB Miguel Sánchez 0-0: Called Strike
0-1: SINGLE (Groundball, 34D)
Ángel Serrano scores
Batting: RHB Bobby Murdock 0-0: Called Strike
0-1: Grounds into double play, 6-4-3 (Groundball, 6)
Batting: LHB Jim Knight 0-0: SINGLE (Groundball, 6MD)
Batting: RHB Ramón Maldonado 0-0: Called Strike
0-1: Called Strike
0-2: Foul Ball, location: 2F
0-2: Strikes out swinging
Top of the 3rd over - 2 runs, 4 hits, 0 errors, 1 left on base; Butler 3 - Wilmington 2
BOTTOM OF THE 3RD
Wilmington Rebels batting - Pitching for Butler White Sox : LHP Phil Forbes
Batting: LHB António Gutiérrez 0-0: Foul Ball, location: 2F
0-1: Ball
1-1: Ball
2-1: Called Strike
2-2: Foul Ball, location: 2F
2-2: Ball
3-2: Base on Balls
Batting: RHB Pedro Cuevas 0-0: Ball
1-0: Ball
2-0: Ball
3-0: Base on Balls
António Gutiérrez to second
Batting: LHB Guillermo Santos 0-0: Ball
1-0: Called Strike
1-1: Called Strike
1-2: Foul Ball, location: 2F
1-2: Fly out, F9 (Flyball, 9LS)
Batting: RHB Rick Holman 0-0: Fly out, F8 (Flyball, 8RS)
Batting: LHB Seth Sullivan 0-0: Called Strike
0-1: Swinging Strike
0-2: Ball
1-2: Ground out 6-3 (Groundball, 56D)
Bottom of the 3rd over - 0 runs, 0 hits, 0 errors, 2 left on base; Butler 3 - Wilmington 2
TOP OF THE 4TH
Butler White Sox batting - Pitching for Wilmington Rebels : LHP Manuel Guel
Batting: RHB Jerry Moore 0-0: Ground out 2-3 (Groundball, 15S)
Batting: LHB Gabriel Flores 0-0: Ground out 3-1 (Groundball, 34S)
Batting: LHB Thomas Dixon 0-0: Ball
1-0: Ground out 6-3 (Groundball, 56)
Top of the 4th over - 0 runs, 0 hits, 0 errors, 0 left on base; Butler 3 - Wilmington 2
BOTTOM OF THE 4TH
Wilmington Rebels batting - Pitching for Butler White Sox : LHP Phil Forbes
Batting: RHB José Fajardo 0-0: Called Strike
0-1: Ball
1-1: Ball
2-1: Called Strike
2-2: Foul Ball, location: 2F
2-2: Fly out, F8 (Flyball, 8LM)
Batting: RHB Guillermo González 0-0: Ball
1-0: Swinging Strike
1-1: Foul Ball, location: 2F
1-2: Ball
2-2: Foul Ball, location: 2F
2-2: Fly out, F7 (Flyball, 7D)
Batting: RHB Pedro Zavala 0-0: Ball
1-0: Foul Ball, location: 2F
1-1: Foul Ball, location: 2F
1-2: Ball
2-2: Ball
3-2: Base on Balls
Batting: LHB Larry Smith 0-0: Ball
1-0: SINGLE (Line Drive, 6)
Pedro Zavala to second
Batting: LHB António Gutiérrez 0-0: Called Strike
0-1: Foul Ball, location: 2F
0-2: Ground out 3-1 (Groundball, 34)
Bottom of the 4th over - 0 runs, 1 hit, 0 errors, 2 left on base; Butler 3 - Wilmington 2
TOP OF THE 5TH
Butler White Sox batting - Pitching for Wilmington Rebels : LHP Manuel Guel
Batting: RHB Luis Fuentes 0-0: Called Strike
0-1: Swinging Strike
0-2: Fly out, F7 (Flyball, 7LS)
Batting: RHB Ángel Serrano 0-0: Ball
1-0: Called Strike
1-1: Ball
2-1: Ball
3-1: Swinging Strike
3-2: Ground out 5-3 (Groundball, 5)
Batting: RHB Miguel Sánchez 0-0: Called Strike
0-1: Ball
1-1: Swinging Strike
1-2: Ground out 6-3 (Groundball, 6)
Top of the 5th over - 0 runs, 0 hits, 0 errors, 0 left on base; Butler 3 - Wilmington 2
BOTTOM OF THE 5TH
Wilmington Rebels batting - Pitching for Butler White Sox : LHP Phil Forbes
Batting: RHB Pedro Cuevas 0-0: Ball
1-0: Called Strike
1-1: Foul Ball, location: 2F
1-2: Fly out, F4 (Line Drive, 34)
Batting: LHB Guillermo Santos 0-0: Called Strike
0-1: Ball
1-1: Ball
2-1: Called Strike
2-2: Foul Ball, location: 2F
2-2: Ball
3-2: Base on Balls
Pitching: RHP Jorge Barrón
Batting: RHB Rick Holman 0-0: Called Strike
0-1: Foul Ball, location: 2F
0-2: Fly out, F7 (Line Drive, 78D)
Batting: LHB Seth Sullivan 0-0: Ball
Guillermo Santos steals 2nd base
1-0: Called Strike
1-1: Called Strike
1-2: Ball
2-2: Ball
3-2: Base on Balls
Batting: RHB José Fajardo 0-0: Foul Ball, location: 2F
0-1: Ball
1-1: Fielders Choice at 2nd, U6 (Groundball, 6M)
Bottom of the 5th over - 0 runs, 0 hits, 0 errors, 2 left on base; Butler 3 - Wilmington 2
TOP OF THE 6TH
Butler White Sox batting - Pitching for Wilmington Rebels : LHP Manuel Guel
Batting: RHB Bobby Murdock 0-0: Called Strike
0-1: Swinging Strike
0-2: Strikes out swinging
Batting: LHB Jim Knight 0-0: Foul Ball, location: 2F
0-1: Fly out, F5 (Popup, 5)
Batting: RHB Ramón Maldonado 0-0: Ball
1-0: Reached on error, E5 (Groundball, 56)
Pitching: LHP Alan Baca
Batting: RHB Jerry Moore 0-0: Ball
1-0: Ball
Ramón Maldonado steals 2nd base
2-0: Ground out 1-3 (Groundball, 13S)
Top of the 6th over - 0 runs, 0 hits, 1 error, 1 left on base; Butler 3 - Wilmington 2
BOTTOM OF THE 6TH
Wilmington Rebels batting - Pitching for Butler White Sox : RHP Jorge Barrón
Batting: RHB Guillermo González 0-0: Ball
1-0: Ball
2-0: DOUBLE (Flyball, 89D)
Batting: RHB Pedro Zavala 0-0: Ball
1-0: DOUBLE (Line Drive, 7LD)
Guillermo González scores
Batting: LHB Larry Smith 0-0: Fly out, F7 (Flyball, 78D)
Batting: LHB António Gutiérrez 0-0: Ball
1-0: Foul Ball, location: 2F
1-1: Ball
2-1: Ball
3-1: Base on Balls
Batting: RHB Pedro Cuevas 0-0: Ball
1-0: Called Strike
1-1: Ball
2-1: Swinging Strike
2-2: Strikes out swinging
Batting: LHB Guillermo Santos 0-0: Called Strike
0-1: Ball
1-1: Foul Ball, location: 2F
1-2: DOUBLE (Groundball, 3L)
Pedro Zavala scores
António Gutiérrez to third
Pitching: RHP Edgardo Castillo
Batting: RHB Rick Holman 0-0: Foul Ball, location: 2F
0-1: Ball
1-1: Called Strike
1-2: 3-RUN HOME RUN (Flyball, 78XD), Distance : 408 ft
Batting: LHB Seth Sullivan 0-0: Called Strike
0-1: Ground out 4-3 (Groundball, 4)
Bottom of the 6th over - 5 runs, 4 hits, 0 errors, 0 left on base; Butler 3 - Wilmington 7
TOP OF THE 7TH
Butler White Sox batting - Pitching for Wilmington Rebels : LHP Alan Baca
Batting: LHB Gabriel Flores 0-0: Called Strike
0-1: Ball
1-1: Swinging Strike
1-2: Foul Ball, location: 2F
1-2: Strikes out swinging
Batting: LHB Thomas Dixon 0-0: Ball
1-0: SINGLE (Line Drive, 89S)
Batting: RHB Luis Fuentes 0-0: Ball
1-0: Ball
2-0: Called Strike
2-1: Ball
3-1: SINGLE (Line Drive, 8LS)
Thomas Dixon to second
Batting: RHB Ángel Serrano 0-0: Foul Ball, location: 2F
0-1: Ball
1-1: Ball
2-1: Grounds into double play, 6-4-3 (Groundball, 6)
Top of the 7th over - 0 runs, 2 hits, 0 errors, 1 left on base; Butler 3 - Wilmington 7
BOTTOM OF THE 7TH
Wilmington Rebels batting - Pitching for Butler White Sox : RHP Edgardo Castillo
Batting: RHB José Fajardo 0-0: Called Strike
0-1: Foul Ball, location: 2F
0-2: Ball
1-2: Ball
2-2: Strikes out swinging
Batting: RHB Guillermo González 0-0: Ball
1-0: Swinging Strike
1-1: Ball
2-1: Swinging Strike
2-2: Ball
3-2: Strikes out looking
Batting: RHB Pedro Zavala 0-0: Ball
1-0: Ground out 6-3 (Groundball, 6)
Bottom of the 7th over - 0 runs, 0 hits, 0 errors, 0 left on base; Butler 3 - Wilmington 7
TOP OF THE 8TH
Butler White Sox batting - Pitching for Wilmington Rebels : LHP Alan Baca
Batting: RHB Miguel Sánchez 0-0: Ball
1-0: Ball
2-0: Ball
3-0: Called Strike
3-1: Base on Balls
Batting: RHB Bobby Murdock 0-0: Ball
1-0: Ball
2-0: Called Strike
2-1: Swinging Strike
2-2: Foul Ball, location: 2F
2-2: Ball
3-2: Strikes out looking
Batting: LHB Jim Knight 0-0: Ball
1-0: Foul Ball, location: 2F
1-1: Swinging Strike
1-2: Ball
2-2: Strikes out swinging
Batting: RHB Ramón Maldonado 0-0: Called Strike
0-1: Ground out 5-3 (Groundball, 5S)
Top of the 8th over - 0 runs, 0 hits, 0 errors, 1 left on base; Butler 3 - Wilmington 7
BOTTOM OF THE 8TH
Wilmington Rebels batting - Pitching for Butler White Sox : RHP Edgardo Castillo
Batting: LHB Larry Smith 0-0: Swinging Strike
0-1: Ball
1-1: Foul Ball, location: 2F
1-2: Foul Ball, location: 2F
1-2: Foul Ball, location: 2F
1-2: Ball
2-2: Ball
3-2: Strikes out swinging
Batting: LHB António Gutiérrez 0-0: Foul Ball, location: 2F
0-1: Foul Ball, location: 2F
0-2: Ball
1-2: Ball
2-2: Strikes out swinging
Batting: RHB Pedro Cuevas 0-0: Fly out, F8 (Flyball, 89D)
Bottom of the 8th over - 0 runs, 0 hits, 0 errors, 0 left on base; Butler 3 - Wilmington 7
TOP OF THE 9TH
Butler White Sox batting - Pitching for Wilmington Rebels : LHP Alan Baca
Batting: RHB Jerry Moore 0-0: Ball
1-0: Called Strike
1-1: Called Strike
1-2: Foul Ball, location: 2F
1-2: Ball
2-2: Ball
3-2: Base on Balls
Batting: LHB Gabriel Flores 0-0: Ball
1-0: Grounds into double play, 4-6-3 (Groundball, 4)
Batting: LHB Thomas Dixon 0-0: Foul Ball, location: 2F
0-1: Ball
1-1: Called Strike
1-2: Ball
2-2: Ball
3-2: Strikes out swinging
Top of the 9th over - 0 runs, 0 hits, 0 errors, 0 left on base; Butler 3 - Wilmington 7
Saturday, April 7th, 2018 - OOTP Baseball 18.8 Build 76